AoeStats
← Cinnamoroll

African Clearing

506509564Analyzed
4v4 RM · 17d ago on Sep 13, 2026· 52m 55s· 8 players
Game mode
Random Map
Map size
Large (8 player)
Population
200
Speed
Normal
Resources
Standard
Victory
Conquest
Starting age
Dark Age
Ending age
Imperial Age
RankedLock teamsTeams togetherTeam positionsShared explorationLock speedFull tech treeHidden civsTurbo modeCheats
Victory
Defeat
🇹🇷 Dravidians · Türkiye
1590
+12
🇺🇸 Teutons · United States
1545
+14
🇨🇦 Gurjaras · Canada
1533
+15
🇺🇸 Cumans · United States
1510
+16
🇦🇹 Britons · Austria
1526
-15
🇨🇭 Chinese · Switzerland
1515
-15
🇧🇷 Slavs · Brazil
1506
-14
🇨🇳 Huns · China
1485
-13
treehugger
4:04 Loom
14:07 Feudal Age
15:22 Double-Bit Axe
17:07 Horse Collar
24:27 Fletching
31:37 Castle Age
30:05 Stone Mining
30:08 Gold Mining
34:06 Bow Saw
36:08 Scale Barding Armor
38:03 Wheelbarrow
41:34 Heavy Plow
43:10 Bloodlines
43:31 Chain Barding Armor
43:14 Town Watch
49:55 Forging
53:57 Imperial Age
52:29 Gold Shaft Mining
53:33 Iron Casting
53:04 Steppe Husbandry
Cinnamoroll
6:22 Loom
16:39 Feudal Age
17:39 Fishing Lines
21:48 Wheelbarrow
24:27 Castle Age
22:28 Double-Bit Axe
24:26 Horse Collar
25:11 Gillnets
25:58 Heavy Plow
25:52 Gold Mining
26:14 Bow Saw
26:18 Scale Barding Armor
26:50 Husbandry
28:18 Chain Barding Armor
31:44 Forging
33:10 Bloodlines
33:45 Town Watch
40:55 Fletching
42:15 Sanctity
42:15 Redemption
42:49 Gold Shaft Mining
42:05 Stone Mining
45:07 Iron Casting
48:46 Imperial Age
46:36 Hand Cart
46:49 Kshatriyas
47:27 Light Cavalry
48:28 Bodkin Arrow
49:59 Conscription
49:43 Scale Mail Armor
49:44 Elite Chakram Thrower
51:11 Plate Barding Armor
50:51 Chain Mail Armor
51:06 Heavy Camel Rider
53:23 Frontier Guards
Allison
5:41 Loom
14:32 Feudal Age
18:50 Castle Age
17:00 Double-Bit Axe
17:45 Town Watch
21:17 Wheelbarrow
21:05 Gold Mining
21:34 Bow Saw
27:13 Horse Collar
31:20 Fletching
33:00 Stone Mining
35:52 Heavy Plow
38:56 Imperial Age
35:54 Elite Skirmisher
36:41 Bodkin Arrow
37:09 Padded Archer Armor
37:28 Medical Corps
37:50 Hand Cart
38:28 Thumb Ring
38:48 Leather Archer Armor
39:10 Ballistics
39:54 Bracer
40:58 Ring Archer Armor
40:32 Husbandry
42:05 Chemistry
41:34 Conscription
43:48 Two-Man Saw
45:00 Masonry
46:30 Town Patrol
46:13 Elite Elephant Archer
47:43 Fortified Wall
47:31 Murder Holes
49:04 Hoardings
50:07 Scale Barding Armor
50:13 Forging
50:34 Wootz Steel
51:32 Coinage
51:48 Chain Barding Armor
52:22 Iron Casting
51:22 Light Cavalry
AlDebaran
3:09 Loom
14:50 Feudal Age
17:09 Town Watch
20:17 Castle Age
20:12 Fletching
23:25 Bodkin Arrow
35:10 Redemption
41:58 Sanctity
44:25 Horse Collar
44:36 Double-Bit Axe
46:19 Bow Saw
48:30 Guard Tower
52:57 Wheelbarrow
53:06 Fervor
Joker
9:22 Loom
14:46 Feudal Age
19:38 Castle Age
23:30 Fletching
29:24 Crossbowman
31:57 Bodkin Arrow
36:09 Padded Archer Armor
38:40 Double-Bit Axe
40:32 Ballistics
43:22 Gold Mining
45:28 Gold Shaft Mining
50:29 Leather Archer Armor
PNLN | maromba_aoe
4:10 Loom
13:54 Feudal Age
18:01 Castle Age
16:16 Double-Bit Axe
17:09 Town Watch
19:28 Pikeman
28:23 Scale Mail Armor
28:33 Forging
37:03 Forging
38:39 Chain Mail Armor
39:35 Squires
40:30 Wheelbarrow
42:26 Hand Cart
47:26 Imperial Age
47:12 Fletching
47:57 Iron Casting
48:26 Halberdier
49:44 Plate Mail Armor
50:14 Blast Furnace
49:37 Bodkin Arrow
51:17 Conscription
英雄无敌大天使
6:32 Loom
13:36 Feudal Age
14:09 Double-Bit Axe
14:04 Horse Collar
20:29 Bloodlines
24:26 Castle Age
22:43 Fletching
23:10 Padded Archer Armor
23:45 Gold Mining
25:18 Wheelbarrow
25:12 Husbandry
25:08 Bodkin Arrow
25:53 Thumb Ring
27:03 Gold Shaft Mining
27:27 Leather Archer Armor
30:04 Ballistics
30:49 Bow Saw
30:40 Heavy Plow
34:50 Hand Cart
36:22 Stone Mining
43:56 Imperial Age
42:32 Elite Skirmisher
44:43 Bracer
45:18 Parthian Tactics
mt
7:00 Loom
13:34 Feudal Age
14:39 Double-Bit Axe
18:14 Forging
19:09 Fletching
26:57 Castle Age
25:10 Scale Barding Armor
26:24 Bloodlines
28:30 Chain Barding Armor
29:54 Bow Saw
29:35 Gold Mining
30:49 Horse Collar
34:44 Heavy Plow
42:18 Wheelbarrow
45:26 Imperial Age
43:36 Iron Casting
44:12 Bodkin Arrow
44:59 Husbandry
45:19 Hand Cart
47:22 Plate Barding Armor
46:38 Heavy Rocket Cart
48:42 Blast Furnace
47:42 Bracer
48:04 Cavalier
48:50 Elite Chu Ko Nu
49:18 Elite Skirmisher
53:23 Padded Archer Armor
Connection lost

Rejoining the realm…

Still unreachable

The connection could not be restored.

Session expired

The server has moved on; the page needs a fresh start.